 Dungeon Crawl Stone Soup version 0.27.1-35-g4d5d836560 (webtiles) character file.

Game seed: 15648522467428794899

15 KingTuna the Skirmisher (level 2, -3/24 HPs)
             Began as a Demonspawn Berserker on Apr 12, 2022.
             Was a Follower of Trog.
             Slain by Terence (8 damage)
             ... on level 3 of the Dungeon on Apr 13, 2022.
             The game lasted 00:30:25 (603 turns).

KingTuna the Skirmisher (Demonspawn Berserker)       Turns: 603, Time: 00:30:26

Health: -3/24      AC:  2    Str: 17    XL:     2   Next: 34%
Magic:  2/2        EV: 12    Int:  8    God:    Trog [*.....]
Gold:   28         SH:  0    Dex: 12    Spells: 1/1 levels left

rFire    . . .     SeeInvis .   a - +0 mace
rCold    . . .     Faith    .   (no shield)
rNeg     . . .     Spirit   .   b - +0 animal skin
rPois    .         Reflect  .   (no helmet)
rElec    .         Harm     .   (no cloak)
rCorr    .         Rampage  .   (no gloves)
Will     .....                  (no boots)
Stlth    +.........             (no amulet)
HPRegen  0.08/turn              (no ring)
MPRegen  0.08/turn              (no ring)

@: no status effects
A: sturdy frame 1
a: Renounce Religion, Berserk


You were on level 3 of the Dungeon.
You worshipped Trog.
Trog was aware of your devotion.
You visited 1 branch of the dungeon, and saw 3 of its levels.

You collected 28 gold pieces.

Inventory:

Hand Weapons
 a - a +0 mace (weapon)
 d - a +0 dagger
 e - a +0 club
Missiles
 f - 17 stones (quivered)
Armour
 b - a +0 animal skin (worn)


   Skills:
 + Level 3.2 Fighting
 + Level 3.0 Maces & Flails
 + Level 1.9 Armour
 + Level 2.0 Dodging


You had one spell level left.
You didn't know any spells.
Your spell library was empty.

Dungeon Overview and Level Annotations

Branches:
Dungeon (3/15)

Altars:
Elyvilon

Annotations:
D:3 Terence


Innate Abilities, Weirdness & Mutations

Your movements are slightly less encumbered by armour. (ER -2)


Message History

The floor.
Hit: a) +0 mace
Press: ? - help, Dir - move target, f - you
Okay, then.
There is a white marble altar of Elyvilon here.
Press: ? - help, v - describe, . - travel A white marble altar of Elyvilon.
Found a stone staircase leading down.
Found an escape hatch in the floor.
There is a stone staircase leading down here.
The kobold closely misses you.
An endoplasm comes into view.
The endoplasm quivers.
Hit: a) +0 mace
Press: ? - help, Dir - move target
Okay, then.
There is an escape hatch in the floor here.
The endoplasm freezes you.
You are frozen.
* * * LOW HITPOINT WARNING * * *
The kobold closely misses you.
You slide downwards.
The hatch slams shut behind you.
Terence shouts!
A bat comes into view.
Terence shouts, "Get ready for death!"
Unknown command.
Adjust (i)tems, (s)pells, or (a)bilities?
Huh?
The bat closely misses you. The endoplasm hits you.
* * * LOW HITPOINT WARNING * * *
The kobold barely misses you. The bat hits you.
* * * LOW HITPOINT WARNING * * *
The bat hits you but does no damage. The bat hits you but does no damage.
The bat hits you but does no damage.
An orc comes into view. It is wielding a +0 trident.
The orc shouts!
You hit Terence but do no damage. Terence hits you with a +0 mace!
You die...

########## #
.........#.#####
#####.......(.#
########....#.###.#
#.@@JKb.......# #.#
.....o.######......###.#
.###### ##.#......Y.
#.#..####.# #....####.#
..........# .#.#.##....
.# .#.##.#.# .# #.#.#


You could see Terence, an orc, an endoplasm, a bat and a kobold.

Vanquished Creatures
  3 endoplasms (D:1)
  3 giant cockroaches (D:1)
  A goblin (D:1)
  A hobgoblin (D:1)
  A quokka (D:2)
  A frilled lizard (D:1)
  A kobold (D:1)
  2 rats (D:1)
13 creatures vanquished.

Notes
Turn   | Place    | Note
-------+----------+-------------------------------------------
     0 | D:1      | KingTuna the Demonspawn Berserker began the quest for the
                  | Orb.
     0 | D:1      | Reached XP level 1. HP: 18/18 MP: 1/1
   296 | D:1      | Gained mutation: Your movements are slightly less
                  | encumbered by armour. (ER -2) [demonic ancestry]
   296 | D:1      | Reached XP level 2. HP: 14/24 MP: 2/2
   486 | D:2      | You fall into a shaft and drop 1 floor!
   500 | D:3      | Noticed an ice beast
   593 | D:3      | Noticed Terence
   603 | D:3      | Slain by Terence

Illustrated notes

Levels and vault maps discovered:
D:1:      dpeg_arrival_arbitrary_b, layout_loops_ring,
          hellmonk_ecumenical_altar_watching_god
D:2:      layout_loops_ring, basic_altar, minmay_cupped
D:3:      layout_loops_ring, uniq_sigmund, uniq_robin, uniq_terence

Skill      XL: |  1  2 |
---------------+-------+-----
Maces & Flails | 3 |  3.0
Dodging        | 2 |  2.0
Fighting       | |  3.2
Armour         | |  1.9

Action                   || total
-------------------------++-------
Melee: Mace              ||    33
Throw: Stone             ||     5
  Use: Scroll            ||     2
Armor: Animal skin       ||     9
Dodge: Dodged            ||    38
